 Dungeon Crawl Stone Soup version 0.17.0-26-gececa24 (webtiles) character file.

687 4thArraOfDagon the Ruffian (level 7, -4/59 HPs)
             Began as a Ghoul Arcane Marksman on Nov 19, 2015.
             Slain by an ogre
             ... wielding a +0 giant spiked club
              (6 damage)
             ... on level 7 of the Dungeon.
             The game lasted 00:09:50 (1498 turns).

4thArraOfDagon the Ruffian (Ghoul Arcane Marksman)  Turns: 1498, Time: 00:09:50

Health: -4/59      AC: 12    Str: 15    XL:     7   Next: 62%
Magic:  7/7        EV:  5    Int: 10    God:
Gold:   124        SH:  0    Dex: 10    Spells: 1 memorised, 7 levels left

rFire  . . .     SeeInvis +       - Unarmed
rCold  + . .     Clarity  .     t - +1 plate armour
rNeg   + + +     SustAt   .     (no shield)
rPois  ∞         Gourm    .     (no helmet)
rElec  .         Spirit   .     (no cloak)
rCorr  .         Warding  .     (no gloves)
rMut   .         Stasis   .     (no boots)
MR     .....                    (no amulet)
Stlth  ..........               B - ring of see invisible
                                m - +2 ring of dexterity

@: rotting, not resistant to hostile enchantments, extremely unstealthy
A: rotting body, claws 1, carnivore 3, cold resistance 1, negative energy
resistance 3, slow regeneration 1, torment resistance, unbreathing
a: no special abilities


You were on level 7 of the Dungeon.
You were not hungry.

You visited 1 branch of the dungeon, and saw 8 of its levels.

You collected 124 gold pieces.

Inventory:

Hand Weapons
 a - a +0 hand crossbow
 p - a +0 bardiche
 z - a +0 blowgun
Missiles
 d - 12 bolts
Armour
 t - a +1 plate armour (worn)
Magical Staves
 x - an uncursed staff of power {unknown}
Jewellery
 m - a +2 ring of dexterity (left claw)
 B - a ring of see invisible (right claw)
Wands
 i - a wand of confusion (10)
 y - a wand of teleportation (3)
Potions
 b - 3 potions of flight {unknown}
 f - a potion of resistance {unknown}
 g - a potion of mutation {unknown}
 k - 2 potions of haste {unknown}
 q - a potion of lignification {unknown}
 r - 2 potions of berserk rage
 s - a potion of degeneration
 u - a potion of curing
Books
 c - a book of Debilitation

   Spells                             Type                      Level
   a - Corona                         Hexes                        1
   b - Slow                           Hexes                        2
   c - Gell's Gravitas                Hexes/Translocation          3
   d - Inner Flame                    Hexes/Fire                   3
   e - Cause Fear                     Hexes                        4
   f - Leda's Liquefaction            Hexes/Earth                  4
Comestibles
 e - 2 meat rations
 h - 6 chunks of flesh
 j - 3 beef jerkies


   Skills:
 + Level 4.1 Fighting
 - Level 2.1 Crossbows
 + Level 2.7 Armour
 + Level 3.2 Dodging
 * Level 5.7 Unarmed Combat
 - Level 1.0 Spellcasting
 - Level 2.4 Hexes


You had 7 spell levels left.
You knew the following spells:

 Your Spells              Type           Power        Failure   Level  Hunger
a - Corona                Hex            #......      100%        1    ##.....


Dungeon Overview and Level Annotations

Branches:
Dungeon (8/15)
 Temple: D:4-7         Lair: D:8-11

Altars:
Nemelex Xobeh

Shops:
D:6 :   D:8 (

Annotations:
D:2 Sigmund


Innate Abilities, Weirdness & Mutations

Your body is rotting away.
You thrive on raw meat.
You are immune to poison.
You have sharp fingernails.
You are carnivorous and can eat meat at any time.
Your flesh is cold resistant.
You are immune to negative energy.
You regenerate slowly when monsters are visible.
You are immune to unholy pain and torment.
You can survive without breathing.


Message History

The ogre hits you with a giant spiked club!
Your plate armour prevents you from hitting the ogre.
The ogre is moderately wounded.
The ogre hits you with a giant spiked club!!
* * * LOW HITPOINT WARNING * * *
You claw the ogre!
The ogre is heavily wounded.
You are too injured to fight recklessly!
You are too injured to fight recklessly!
You scratch the ogre.
The ogre is severely wounded.
The ogre hits you with a giant spiked club.
* * * LOW HITPOINT WARNING * * *
Unknown command.
Unknown command.
Unknown command.
You completely miss the ogre.
The ogre is severely wounded.
The ogre hits you with a giant spiked club.
You die...

*** **,,*****,*,**,**,* *
*,,,,,,,,*,**,**,* *
*,******,*,,,,**,* * ##+##
*,,,,,,##,* *###**##...##
*,,,,,..,,* ,,...##.)...##
*****(###** * ***#.#.......##
*,._(..* **
,###..........####!..##.********,
,.............'.@O......,,,,,,,,,
,###..........####...##.*******,,
,* #.#.......## *,..#*,* *,*
,**#,##.....## *,*.#*,* *,*
,,,,,*##...## *,*,#*,* *,* ,*****
##'## *,,,,,,* *,* ,* #)#
***,**** *,* ,########.# *>* *,*
,.........## *,* *,*


You could see an ogre.

Vanquished Creatures
  A centaur (D:7)
  A giant frog (D:6)
  A scorpion (D:8)
  6 killer bees (D:7)
  A crimson imp (D:8)
  A giant frog zombie (D:7)
  A giant frog skeleton (D:5)
  An iguana (D:7)
  A worker ant (D:6)
  5 adders
  2 worms (D:3)
  2 giant geckos
  8 orcs
  2 giant cockroaches
  4 hobgoblins
  3 jackals (D:2)
  A bat (D:3)
  A giant newt (D:3)
  4 goblins
  3 kobolds (D:3)
  4 rats
53 creatures vanquished.

Notes
Turn   | Place    | Note
--------------------------------------------------------------
     0 | D:1      | 4thArraOfDagon the Ghoul Arcane Marksman began the quest for the Orb.
     0 | D:1      | Reached XP level 1. HP: 16/16 MP: 1/1
   110 | D:1      | Reached XP level 2. HP: 23/23 MP: 2/2
   235 | D:2      | Reached skill level 1 in Unarmed Combat
   373 | D:3      | Reached XP level 3. HP: 25/29 MP: 3/3
   380 | D:2      | Noticed Sigmund
   405 | D:3      | Found a faded altar to an unknown god.
   639 | D:4      | Reached XP level 4. HP: 26/36 MP: 4/4
   664 | D:5      | Entered Level 5 of the Dungeon
   708 | D:5      | Reached skill level 3 in Unarmed Combat
   810 | D:6      | Noticed a giant frog
   829 | D:6      | Killed a giant frog
   829 | D:6      | Reached skill level 1 in Armour
   829 | D:6      | Reached XP level 5. HP: 10/44 MP: 5/5
   882 | D:5      | Noticed a centaur
   882 | D:5      | Noticed a phantom
   923 | D:6      | Found Buuvejid's Book Shop.
  1020 | D:6      | Noticed a sky beast
  1132 | D:7      | Noticed a centaur
  1136 | D:7      | Reached skill level 4 in Unarmed Combat
  1148 | D:7      | Killed a centaur
  1148 | D:7      | Reached XP level 6. HP: 31/51 MP: 6/6
  1214 | D:8      | Found Wual Oto's Antique Weapon Shoppe.
  1336 | D:7      | Noticed a sky beast
  1414 | D:7      | Reached skill level 5 in Unarmed Combat
  1414 | D:7      | Reached XP level 7. HP: 39/58 MP: 7/7
  1486 | D:7      | Found a sparkling altar of Nemelex Xobeh.
  1487 | D:7      | Noticed an ogre
  1497 | D:7      | HP: 2/59 [ogre/giant spiked club (3)]
  1498 | D:7      | Slain by an ogre

Action                   |  1- 3 |  4- 6 |  7- 9 || total
-------------------------+-------+-------+-------++-------
Melee: Unarmed           |    80 |   103 |    39 ||   222
 Fire: Hand crossbow     |    24 |    18 |     3 ||    45
  Use: Scroll            |     1 |    10 |       ||    11
       Potion            |       |     1 |     1 ||     2
  Eat: Chunk             |     7 |    10 |     2 ||    19
